[Event "Late-Titled-Tuesday-Blitz-December-26-2023"]
[Site "Chess.com"]
[Date "2023.12.26"]
[Round "1"]
[White "NoHeThTo"]
[Black "patzersame"]
[Result "1-0"]
[WhiteElo "2667"]
[BlackElo "2361"]
[TimeControl "180+1"]
[EndTime "14:01:43 PST"]
[Termination "NoHeThTo won by checkmate"]

1. d4 c6 2. e4 d5 3. e5 Bf5 4.
h4 h5 5. Bd3 Bxd3 6. Qxd3 Nd7 7. e6 Ndf6 8. exf7+ Kxf7 9. Nf3 e6 10.
Ne5+ Ke8 11. Qg6+ Ke7 12. Qf7+ Kd6 13. Bf4 Nh6 14. Nc4# 1-0

[Event "Late-Titled-Tuesday-Blitz-December-26-2023"]
[Site "Chess.com"]
[Date "2023.12.26"]
[Round "1"]
[White "Schwindle"]
[Black "Dhaydon19"]
[Result "1-0"]
[WhiteElo "2380"]
[BlackElo "2657"]
[TimeControl "180+1"]
[EndTime "14:02:06 PST"]
[Termination "Schwindle won by resignation"]

1. e4 Nf6 2. e5 Nd5 3. Nc3 Nxc3 4. dxc3 d6 5. exd6 cxd6 6. Nf3 Nc6 7. Bd3 g6 8. O-O Bg7 9. h3 O-O 10. Bg5 Qc7 11.
Qd2 e5 12. Bh6 d5 13. Be2 Be6 14. Bxg7 Kxg7 15. Ng5 Rad8 16. Nxe6+ fxe6 17. Bg4 Rf6 18. Rae1 h5 19. Be2 Rdf8 1-0

[Event "Late-Titled-Tuesday-Blitz-December-26-2023"]
[Site "Chess.com"]
[Date "2023.12.26"]
[Round "1"]
[White "ozates"]
[Black "GAusal"]
[Result "1-0"]
[WhiteElo "2606"]
[BlackElo "2305"]
[TimeControl "180+1"]
[EndTime "14:02:12 PST"]
[Termination "ozates won by resignation"]

1. e4 c5 2. Nf3 e6 3. d4 cxd4 4. Nxd4 Nf6 5. Nc3 a6 6. e5 Ng8 7. Bd3 Nc6 8. Nxc6 bxc6 9. O-O d5 10. exd6 Bxd6 11. Qg4 g6 12. Bg5 Qc7 13. h4 f5 14.
Qe2 Kf7 15. Bc4 Be7 16. Rfe1 Bxg5 17. Bxe6+ Bxe6 18. Qxe6+ Kg7 19. hxg5 Qf7 20. Qe5+ Kf8 21. Qxh8 1-0

[Event "Late-Titled-Tuesday-Blitz-December-26-2023"]
[Site "Chess.com"]
[Date "2023.12.26"]
[Round "1"]
[White "zimmm36"]
[Black "MalcolmPein"]
[Result "0-1"]
[WhiteElo "2602"]
[BlackElo "2358"]
[TimeControl "180+1"]
[EndTime "14:02:33 PST"]
[Termination "MalcolmPein won by checkmate"]

1. e4 e5 2. Nf3 Nc6 3. Bd3 Nf6 4. c3 d5 5. exd5 Qxd5 6. Bc2 e4 7. Ng1 Bc5 8. Ne2 O-O 9. d4 exd3 10. Qxd3 Qxg2 11. Rf1 Bh3 12. Nf4 Rfe8+ 13. Be3 Qxf1+ 14. Qxf1 Bxf1 15. Kxf1 Bxe3 16. fxe3 Rxe3 17. Nd2 Rd8 18. Ng2 Rh3 19. Nc4 Rxh2 20. Nce3 Rd2 21. Re1 Rh1# 0-1

[Event "Late-Titled-Tuesday-Blitz-December-26-2023"]
[Site "Chess.com"]
[Date "2023.12.26"]
[Round "1"]
[White "DishonorOnYourCow"]
[Black "dmarcolino"]
[Result "1-0"]
[WhiteElo "2530"]
[BlackElo "2101"]
[TimeControl "180+1"]
[EndTime "14:02:47 PST"]
[Termination "DishonorOnYourCow won by resignation"]

1. d4 d5 2. c4 c6 3. Nf3 Nf6 4. e3 e6 5. b3 Bd6 6. Bd3 O-O 7. O-O Nbd7 8. Bb2 b6 9. Nbd2 Bb7 10.
Ne5 Qe7 11. f4 Rad8 12. Qf3 c5 13. Qh3 Ne4 14. Rad1 f6 15. Nxd7 Rxd7 16. cxd5 exd5 17. Nxe4 dxe4 18. Bc4+ Kh8 19. dxc5 Bxc5 20. Rxd7 1-0

[Event "Late-Titled-Tuesday-Blitz-December-26-2023"]
[Site "Chess.com"]
[Date "2023.12.26"]
[Round "1"]
[White "KnobbedHornbill"]
[Black "Vaporwaffle94"]
[Result "1-0"]
[WhiteElo "2524"]
[BlackElo "2037"]
[TimeControl "180+1"]
[EndTime "14:02:58 PST"]
[Termination "KnobbedHornbill won by resignation"]

1. d4 Nf6 2. c4 e6 3. g3 d5 4.
Nf3 Be7 5. Bg2 O-O 6. O-O dxc4 7.
Qc2 a6 8. a4 Bd7 9. Qxc4 Bc6 10.
Bf4 Bd6 11. Qc1 Qe7 12. Nc3 Nbd7 13. Re1 h6 14. e4 Bxf4 15. Qxf4 Rfe8 16. d5 e5 17. Qc1 Nxe4 18. dxc6 Nxc3 19. cxd7 Qxd7 20. Qxc3 1-0

[Event "Late-Titled-Tuesday-Blitz-December-26-2023"]
[Site "Chess.com"]
[Date "2023.12.26"]
[Round "1"]
[White "lucliasco"]
[Black "PapaieDudu"]
[Result "1-0"]
[WhiteElo "2927"]
[BlackElo "2494"]
[TimeControl "180+1"]
[EndTime "14:03:22 PST"]
[Termination "lucliasco won by resignation"]

1. e4 c5 2. Nf3 d6 3. Nc3 Nf6 4. d4 cxd4 5. Qxd4 Nc6 6. Bb5 Bd7 7.
Bxc6 bxc6 8. Bg5 h6 9. Bh4 g5 10. Bg3 Bg7 11. e5 Nh5 12. Qe3 d5 13. O-O-O O-O 14.
h4 Nxg3 15. hxg5 Nf5 16. Qf4 hxg5 17. Qxg5 f6 18. Qg6 fxe5 19. Ng5 Rf6 20. Rh8+ 1-0

[Event "Late-Titled-Tuesday-Blitz-December-26-2023"]
[Site "Chess.com"]
[Date "2023.12.26"]
[Round "1"]
[White "GMBenjaminBok"]
[Black "ExchangeAB"]
[Result "1-0"]
[WhiteElo "2962"]
[BlackElo "2495"]
[TimeControl "180+1"]
[EndTime "14:03:29 PST"]
[Termination "GMBenjaminBok won by resignation"]

1. d4 d5 2. c4 c6 3. Nf3 Nf6 4.
cxd5 cxd5 5. Nc3 Nc6 6. Bf4 Bf5 7. e3 e6 8. Qb3 Bb4 9. Ne5 O-O 10. Nxc6 Bxc3+ 11. Qxc3 bxc6 12. Qa3 Qb6 13. Ba6 Nd7 14. Bd6 Rfd8 15.
O-O Nb8 16. Be2 a5 17. Rfc1 Na6 18. Rc3 Nb4 19. Bc5 Qb7 20. Rac1 h6 21. h3 Rac8 22.
Qxa5 Rb8 23. Rb3 1-0

[Event "Late-Titled-Tuesday-Blitz-December-26-2023"]
[Site "Chess.com"]
[Date "2023.12.26"]
[Round "1"]
[White "egnfanclub"]
[Black "djano"]
[Result "0-1"]
[WhiteElo "2337"]
[BlackElo "2644"]
[TimeControl "180+1"]
[EndTime "14:03:29 PST"]
[Termination "djano won by resignation"]

1. e4 c5 2. Nc3 Nc6 3. f4 g6 4. Nf3 Bg7 5. Bc4 e6 6. f5 Nge7 7. fxe6 fxe6 8. d3 h6 9. O-O O-O 10. Qe1 g5 11. Qg3 Ng6 12. Bxg5 Rxf3 13. Rxf3 Qxg5 14. Qd6 Be5 0-1

[Event "Late-Titled-Tuesday-Blitz-December-26-2023"]
[Site "Chess.com"]
[Date "2023.12.26"]
[Round "1"]
[White "SuanFernandes"]
[Black "grandemestregringo"]
[Result "0-1"]
[WhiteElo "2361"]
[BlackElo "2668"]
[TimeControl "180+1"]
[EndTime "14:03:37 PST"]
[Termination "grandemestregringo won by resignation"]

1. d4 f5 2. c4 Nf6 3. Nc3 g6 4. g3 Bg7 5. Bg2 O-O 6. Nf3 d6 7. O-O Qe8 8. d5 Na6 9. Nd4 Bd7 10. b3 c6 11. Bb2 Nc7 12. e4 c5 13. Nde2 Nxe4 14.
Bxe4 fxe4 15. Qc2 Bh3 16. Rfe1 Bf5 17. Nf4 e3 18. Qe2 exf2+ 19. Qxf2 Bd4 0-1

[Event "Late-Titled-Tuesday-Blitz-December-26-2023"]
[Site "Chess.com"]
[Date "2023.12.26"]
[Round "1"]
[White "Bala-Afiada"]
[Black "dosto07"]
[Result "0-1"]
[WhiteElo "2017"]
[BlackElo "2520"]
[TimeControl "180+1"]
[EndTime "14:03:42 PST"]
[Termination "dosto07 won by resignation"]

1. d4 d5 2. c4 dxc4 3. Nf3 Nf6 4. g3 Bf5 5. Bg2 c6 6. O-O e6 7. a4 a5 8. Nc3 Nbd7 9. Nh4 Bg6 10. e4 Bb4 11. Nxg6 hxg6 12. e5 Nd5 13. Ne4 O-O 14. Bd2 Be7 15. h4 c5 16. dxc5 Nxc5 17. Nxc5 Bxc5 18.
Qc2 Qc7 19. Rac1 Rac8 20. h5 gxh5 21. Be4 Qxe5 22. Rfe1 Qxg3+ 23. Kh1 Bxf2 24. Bh7+ Kh8 0-1

[Event "Late-Titled-Tuesday-Blitz-December-26-2023"]
[Site "Chess.com"]
[Date "2023.12.26"]
[Round "1"]
[White "TheSilmarils"]
[Black "boracilek"]
[Result "1-0"]
[WhiteElo "2844"]
[BlackElo "2460"]
[TimeControl "180+1"]
[EndTime "14:03:46 PST"]
[Termination "TheSilmarils won by resignation"]

1. Nf3 g6 2. d4 Bg7 3. c4 d6 4. Nc3 Nf6 5. e4 O-O 6. h3 e5 7. d5 Nh5 8. Nh2 Nf4 9. g3 Nh5 10. Be2 Nf6 11. g4 a5 12. Be3 Na6 13. Nf1 Nc5 14. Ng3 Bd7 15. h4 Ne8 16. h5 f5 17.
hxg6 f4 18. gxh7+ Kh8 19. Bxc5 fxg3 20. Be3 gxf2+ 21. Bxf2 Qf6 22. Be3 Qg6 23. g5 c5 24.
Bh5 1-0

[Event "Late-Titled-Tuesday-Blitz-December-26-2023"]
[Site "Chess.com"]
[Date "2023.12.26"]
[Round "1"]
[White "prime-morty"]
[Black "Jesusesmifuerza"]
[Result "1-0"]
[WhiteElo "2545"]
[BlackElo "2177"]
[TimeControl "180+1"]
[EndTime "14:03:46 PST"]
[Termination "prime-morty won by resignation"]

1. c4 c5 2. Nc3 Nf6 3. g3 d5 4. cxd5 Nxd5 5. Bg2 e6 6. Nxd5 exd5 7. Qb3 Nc6 8. Qxd5 Qxd5 9. Bxd5 Nb4 10. Be4 Be7 11.
a3 Na6 12. Nf3 O-O 13. O-O Rb8 14. d3 Bd6 15. Bf4 Bxf4 16. gxf4 Nc7 17. Ne5 Ne6 18.
e3 h6 19. Bd5 Rd8 20. Ba2 f6 21. Ng6 Kh7 22. Ne7 Bd7 23. Bd5 Nc7 24. Be4+ Kh8 25. Rac1 b6 26. b4 Re8 27. Ng6+ Kg8 28. bxc5 f5 29.
cxb6 axb6 30. Rxc7 fxe4 31. Rxd7 exd3 32. Ne7+ Kf7 33. Nc6+ Ke6 34. Nxb8 1-0

[Event "Late-Titled-Tuesday-Blitz-December-26-2023"]
[Site "Chess.com"]
[Date "2023.12.26"]
[Round "1"]
[White "IMRosen"]
[Black "Abduzhaparov"]
[Result "1-0"]
[WhiteElo "2692"]
[BlackElo "2394"]
[TimeControl "180+1"]
[EndTime "14:03:48 PST"]
[Termination "IMRosen won by resignation"]

1. e4 d6 2. Bc4 Nf6 3. Qe2 e5 4. Nc3 Be7 5. d3 c6 6. Bb3 b5 7. f4 Nbd7 8. Nf3 O-O 9. O-O a5 10. a4 b4 11. Nd1 Nc5 12. Bc4 exf4 13. Bxf4 d5 14. exd5 cxd5 15. Bb5 Bg4 16. Ne3 Ne6 17. Be5 Qb6 18. Kh1 Bxf3 19. Qxf3 d4 20. Nf5 1-0

[Event "Late-Titled-Tuesday-Blitz-December-26-2023"]
[Site "Chess.com"]
[Date "2023.12.26"]
[Round "1"]
[White "chegueps"]
[Black "Zadar321"]
[Result "1-0"]
[WhiteElo "2790"]
[BlackElo "2444"]
[TimeControl "180+1"]
[EndTime "14:03:51 PST"]
[Termination "chegueps won by resignation"]

1. d4 Nf6 2. Nf3 e6 3. Bg5 Be7 4. e3 d5 5. Nbd2 Ne4 6. Nxe4 dxe4 7. Bxe7 Qxe7 8. Nd2 f5 9. Be2 O-O 10. O-O e5 11.
dxe5 Qxe5 12. Nc4 Qe7 13. Qd2 Nc6 14. Qc3 Be6 15. a3 a5 16. Ne5 Nxe5 17. Qxe5 Qd6 18. Qxd6 cxd6 19. Rfd1 d5 20. g3 Rfc8 21. c3 Kf7 22.
Rd4 Kf6 23. Bb5 Rc5 24. a4 Rac8 25. h4 h6 26. Kg2 R8c7 27. f3 exf3+ 28. Kxf3 g5 29.
hxg5+ hxg5 30. Rh1 Kg7 31. Bd3 Rf7 32. Ke2 Rf6 33.
Kd2 b6 34. b4 Rc7 35. g4 axb4 36. cxb4 fxg4 37. Rh7+ Kf8 38. Rxc7 g3 39. Rc1 Rf2+ 40.
Be2 Bg4 41. Rxg4 1-0

[Event "Late-Titled-Tuesday-Blitz-December-26-2023"]
[Site "Chess.com"]
[Date "2023.12.26"]
[Round "1"]
[White "SocoLoco"]
[Black "bipe137"]
[Result "0-1"]
[WhiteElo "2120"]
[BlackElo "2536"]
[TimeControl "180+1"]
[EndTime "14:03:54 PST"]
[Termination "bipe137 won by resignation"]

1. e4 c5 2. c3 Nf6 3. e5 Nd5 4. d4 cxd4 5. cxd4 e6 6. Nc3 Nxc3 7.
bxc3 d6 8. exd6 Bxd6 9. Nf3 Qc7 10. Bb2 b6 11. Be2 Bb7 12. h3 O-O 13. O-O Nd7 14. Rc1 Rac8 15. c4 Qb8 16. Qd3 Nf6 17. Rfe1 Rfd8 18. a4 Qa8 19. Qe3 Be7 20. a5 bxa5 21. Ne5 Bxg2 22. Qg3 Be4 23. h4 a4 24. h5 h6 25. Rc3 a3 26. Bxa3 Bxa3 27. Rxa3 Rxd4 28. Rc1 Rd2 29. Qe3 Rcd8 30. c5 Qd5 31. Nf3 Rxe2 32. Qxe2 Bxf3 33. Qxf3 Qg5+ 34. Kh2 Qxc1 35. Rc3 Qg5 36. Qb7 Qxh5+ 37. Kg2 Qd5+ 38. Qxd5 Nxd5 39. Ra3 Rd7 0-1

[Event "Late-Titled-Tuesday-Blitz-December-26-2023"]
[Site "Chess.com"]
[Date "2023.12.26"]
[Round "1"]
[White "campochess"]
[Black "Aguiar94"]
[Result "0-1"]
[WhiteElo "2177"]
[BlackElo "2544"]
[TimeControl "180+1"]
[EndTime "14:03:55 PST"]
[Termination "Aguiar94 won by resignation"]

1. d4 Nf6 2. Bg5 c5 3. d5 Qb6 4.
Nc3 Qxb2 5. Bd2 Qb6 6. e4 d6 7. f4 g6 8. e5 Nfd7 9. Nf3 a6 10.
Rb1 Qc7 11. Qe2 Bg7 12. exd6 Qxd6 13. Ng5 O-O 14. Nge4 Qc7 15. d6 exd6 16. Nd5 Qd8 17. Nxd6 Nc6 18. c3 Nf6 19. Nxc8 Rxc8 20. Nxf6+ Bxf6 21. Kf2 Re8 22. Qc4 Qxd2+ 23. Be2 Bxc3 24. Rhd1 Bd4+ 25.
Kf3 Qe3+ 0-1

[Event "Late-Titled-Tuesday-Blitz-December-26-2023"]
[Site "Chess.com"]
[Date "2023.12.26"]
[Round "1"]
[White "GoltsevDmitry2000"]
[Black "FREZZY23"]
[Result "1-0"]
[WhiteElo "2690"]
[BlackElo "2384"]
[TimeControl "180+1"]
[EndTime "14:03:56 PST"]
[Termination "GoltsevDmitry2000 won by resignation"]

1. e4 c5 2. Nf3 d6 3. d4 cxd4 4.
Nxd4 Nf6 5. Nc3 a6 6. Be2 e5 7.
Nb3 Be6 8. O-O Nbd7 9. f4 Qc7 10. f5 Bc4 11. Bd3 Be7 12. h3 b5 13. a3 Nb6 14.
Be3 Rd8 15. Qe2 d5 16. exd5 Nbxd5 17. Nxd5 Nxd5 18. Bd2 O-O 19. Ba5 Qa7+ 20. Kh1 Rc8 21. Qxe5 Bf6 22. Qg3 Bxb2 23. Rae1 Ba1 24. Rxa1 Ne3 25.
f6 g6 26. Qg5 Ng4 27. hxg4 1-0

[Event "Late-Titled-Tuesday-Blitz-December-26-2023"]
[Site "Chess.com"]
[Date "2023.12.26"]
[Round "1"]
[White "dcremisi"]
[Black "KVAIDAN"]
[Result "1-0"]
[WhiteElo "2676"]
[BlackElo "2365"]
[TimeControl "180+1"]
[EndTime "14:04:02 PST"]
[Termination "dcremisi won by resignation"]

1. d4 e6 2. c4 f5 3. Nc3 Nf6 4. Nf3 Be7 5. g3 O-O 6. Bg2 d6 7. O-O a5 8. Re1 Ne4 9. Qc2 Nxc3 10. bxc3 Nc6 11. Rb1 e5 12. dxe5 dxe5 13. e4 fxe4 14. Nd2 e3 15. Rxe3 Bc5 16. Bd5+ Kh8 17. Re2 Bg4 18.
Ne4 Bxe2 19. Nxc5 Bf3 20. Ne6 Qf6 21. Nxf8 Rxf8 22. Rxb7 Ne7 23. Ba3 Nxd5 24. Bxf8 Nf4 25. Rb8 Ne2+ 26. Qxe2 1-0

[Event "Late-Titled-Tuesday-Blitz-December-26-2023"]
[Site "Chess.com"]
[Date "2023.12.26"]
[Round "1"]
[White "jefferyx"]
[Black "rrgchessmaster05"]
[Result "0-1"]
[WhiteElo "3014"]
[BlackElo "2521"]
[TimeControl "180+1"]
[EndTime "14:04:04 PST"]
[Termination "rrgchessmaster05 won by resignation"]

1. Nf3 Nf6 2. c4 e6 3. b3 b6 4. Bb2 Bb7 5. g3 d5 6. Bg2 Be7 7. O-O O-O 8. e3 Nbd7 9. Nc3 c5 10. cxd5 Nxd5 11. Nxd5 Bxd5 12. d4 Bf6 13. Qe2 cxd4 14. Nxd4 Bxg2 15. Kxg2 Qc7 16. Rac1 Qb7+ 17. Qf3 Qxf3+ 18.
Kxf3 e5 19. Nc6 e4+ 20. Kxe4 Bxb2 21. Rc2 Bf6 22. Rd1 Nc5+ 23. Kf5 Rfc8 24. Rd6 Ne6 25. b4 Kf8 26. a4 Be7 27. Rdd2 Nd8 28. Nxd8 Rxd8 29. Rxd8+ Rxd8 0-1

[Event "Late-Titled-Tuesday-Blitz-December-26-2023"]
[Site "Chess.com"]
[Date "2023.12.26"]
[Round "1"]
[White "Charodej1"]
[Black "TST2014"]
[Result "0-1"]
[WhiteElo "2259"]
[BlackElo "2583"]
[TimeControl "180+1"]
[EndTime "14:04:25 PST"]
[Termination "TST2014 won by resignation"]

1. e4 c5 2. Nf3 Nc6 3. d4 cxd4 4. Nxd4 Nf6 5. Nc3 d6 6. Bg5 e6 7. Qd2 a6 8. O-O-O Bd7 9. f4 h6 10. Bh4 g5 11. fxg5 Ng4 12. Nf3 hxg5 13. Bxg5 f6 14. Bf4 e5 15. Kb1 exf4 16. Qxf4 Nf2 17. Bc4 Nxh1 18.
Nd5 Be7 19. Rxh1 Ne5 20. Nxe5 dxe5 0-1

[Event "Late-Titled-Tuesday-Blitz-December-26-2023"]
[Site "Chess.com"]
[Date "2023.12.26"]
[Round "1"]
[White "TheoSlade"]
[Black "penguingm1"]
[Result "0-1"]
[WhiteElo "2481"]
[BlackElo "2908"]
[TimeControl "180+1"]
[EndTime "14:04:29 PST"]
[Termination "penguingm1 won by resignation"]

1. d4 d5 2. c4 e6 3. Nf3 Nf6 4. g3 dxc4 5. Bg2 Nc6 6. Qa4 Bd7 7. Qxc4 Na5 8. Qc2 Rc8 9. O-O c5 10. Nc3 b5 11. dxc5 Bxc5 12. a3 Nc4 13. Bg5 h6 14.
Bxf6 Qxf6 15. Ne4 Qxb2 16. Qxb2 Nxb2 17. Rfc1 Nc4 18. Nxc5 Rxc5 19. a4 bxa4 20. Nd2 Nxd2 21. Rxc5 Nb3 22. Rb1 Nxc5 23. Rb8+ Ke7 24. Rxh8 a3 25. Ra8 a6 26. Rxa6 Nxa6 0-1

[Event "Late-Titled-Tuesday-Blitz-December-26-2023"]
[Site "Chess.com"]
[Date "2023.12.26"]
[Round "1"]
[White "MaestroCheck"]
[Black "HanSchut"]
[Result "1-0"]
[WhiteElo "2574"]
[BlackElo "2252"]
[TimeControl "180+1"]
[EndTime "14:04:30 PST"]
[Termination "MaestroCheck won by resignation"]

1. e4 c5 2. Nc3 Nc6 3. Bb5 Nd4 4.
Nf3 Nxb5 5. Nxb5 a6 6. Nc3 g6 7.
d4 Bg7 8. dxc5 Qa5 9. O-O Qxc5 10. Be3 Qc6 11. Bd4 f6 12. e5 b5 13. Re1 Bb7 14.
exf6 Bxf6 15. Bxf6 Nxf6 16. Qe2 e6 17. a3 O-O 18.
Rad1 Nh5 19. Qe4 Qxe4 20. Nxe4 Bc6 21. Ne5 Bxe4 22. Rxe4 d5 23. Ree1 Nf4 24. c3 a5 25.
Nd7 Rf7 26. Nc5 b4 27. axb4 axb4 28. cxb4 Rb8 29. Rd4 Re8 30. f3 e5 31. Rd2 d4 32.
g3 Nh3+ 33. Kg2 Ng5 34. f4 Ne6 35. Rxe5 1-0

[Event "Late-Titled-Tuesday-Blitz-December-26-2023"]
[Site "Chess.com"]
[Date "2023.12.26"]
[Round "1"]
[White "hsd2016"]
[Black "karinachess1"]
[Result "1-0"]
[WhiteElo "2259"]
[BlackElo "2555"]
[TimeControl "180+1"]
[EndTime "14:04:39 PST"]
[Termination "hsd2016 won by resignation"]

1. e4 e5 2. Nf3 Nc6 3. Bb5 Nf6 4. O-O Nxe4 5. Re1 Nd6 6. Nxe5 Nxe5 7. Rxe5+ Be7 8. Bf1 O-O 9. d4 Bf6 10. Bd3 Bxe5 11. dxe5 Ne8 12. Qh5 g6 13. Qh6 Qe7 14. Bg5 Qxe5 15. Nc3 Qg7 16. Qh4 f6 17. Bh6 Qe7 18.
Nd5 Qd6 19. Re1 Ng7 20. Bc4 Nf5 21. Bxf8 Nxh4 22. Bxd6 cxd6 23. Nc7+ Kg7 24. Nxa8 b6 25. Re7+ Kh6 26. Nc7 Bb7 27. Bd5 Nf5 28. Rxd7 1-0

[Event "Late-Titled-Tuesday-Blitz-December-26-2023"]
[Site "Chess.com"]
[Date "2023.12.26"]
[Round "1"]
[White "aksuliini1"]
[Black "h4parah5"]
[Result "0-1"]
[WhiteElo "2485"]
[BlackElo "2917"]
[TimeControl "180+1"]
[EndTime "14:04:41 PST"]
[Termination "h4parah5 won by resignation"]

1. Nf3 Nf6 2. b3 e6 3. Bb2 d5 4. e3 c5 5. d4 Nc6 6. Bd3 Qc7 7.
a3 Bd6 8. dxc5 Bxc5 9. Nbd2 O-O 10. O-O e5 11. e4 Bg4 12. exd5 Nxd5 13. h3 Bh5 14. Ne4 Bd4 15. c3 Bb6 16. Ng3 Bxf3 17.
Qxf3 Rad8 18. Rad1 Nf4 19. Be4 g6 20. Bxc6 Qxc6 21.
Qxc6 bxc6 22. c4 Nd3 23. Bc3 Nxf2 24. Rxd8 Rxd8 25. Kh2 e4 26. Re1 e3 27. Bf6 Rd3 28. Ne4 Nxe4 0-1

[Event "Late-Titled-Tuesday-Blitz-December-26-2023"]
[Site "Chess.com"]
[Date "2023.12.26"]
[Round "1"]
[White "FontVella8"]
[Black "ChessLebaneseSalah"]
[Result "1-0"]
[WhiteElo "2777"]
[BlackElo "2445"]
[TimeControl "180+1"]
[EndTime "14:04:41 PST"]
[Termination "FontVella8 won by resignation"]

1. e4 c5 2. Nf3 d6 3. d4 cxd4 4. Nxd4 Nf6 5. f3 Nc6 6. c4 e5 7. Nc2 Be7 8. Nc3 Be6 9. Be3 O-O 10. Qd2 Rc8 11. Rc1 b6 12. Be2 Nd7 13. O-O Nd4 14. Nxd4 exd4 15. Qxd4 Bf6 16. Qxd6 Bxc4 17. Bxc4 Rxc4 18.
Rfd1 Ne5 19. Qxd8 Bxd8 20. b3 Rc8 21. Nd5 Rxc1 22. Rxc1 Nd3 23. Rc8 g6 24. Bh6 1-0

[Event "Late-Titled-Tuesday-Blitz-December-26-2023"]
[Site "Chess.com"]
[Date "2023.12.26"]
[Round "1"]
[White "biostatistician"]
[Black "Nick12772"]
[Result "1/2-1/2"]
[WhiteElo "2604"]
[BlackElo "2318"]
[TimeControl "180+1"]
[EndTime "14:04:44 PST"]
[Termination "Game drawn by repetition"]

1. d4 Nf6 2. Nf3 g6 3. c4 Bg7 4.
Nc3 d5 5. cxd5 Nxd5 6. e4 Nxc3 7. bxc3 O-O 8. Be2 c5 9. O-O cxd4 10. cxd4 Nc6 11.
Be3 Bg4 12. d5 Ne5 13. Nxe5 Bxe2 14. Qxe2 Bxe5 15. Rad1 a6 16. f4 Bg7 17. e5 Qa5 18. Rd2 Rad8 19. Rfd1 Rd7 20. Qc4 Rfd8 21. h3 g5 22. Kh2 gxf4 23. Bxf4 Rc7 24. Qe4 Rc5 25.
d6 exd6 26. exd6 Be5 27. Bxe5 Rxe5 28. Qg4+ Rg5 29. Qf4 Qe5 30. Qxe5 Rxe5 31. d7 Re7 32. g4 f6 33. Kg3 Kf7 34. Kf4 Ke6 35. Re1+ Kf7 36.
Rc1 Rexd7 37. Rxd7+ Rxd7 38. h4 b5 39. Rc6 Rd4+ 40. Kf5 Rd5+ 41. Kf4 Rd4+ 42. Kf5 Rd5+ 43. Kf4 Rd4+ 1/2-1/2

[Event "Late-Titled-Tuesday-Blitz-December-26-2023"]
[Site "Chess.com"]
[Date "2023.12.26"]
[Round "1"]
[White "carloseduar100"]
[Black "BlackGod93"]
[Result "0-1"]
[WhiteElo "2288"]
[BlackElo "2590"]
[TimeControl "180+1"]
[EndTime "14:04:46 PST"]
[Termination "BlackGod93 won by checkmate"]

1. e4 c5 2. Nf3 d6 3. Bc4 Nf6 4. d3 e6 5. b4 cxb4 6. Bb2 Be7 7. O-O O-O 8. Nbd2 a5 9. Re1 a4 10. a3 d5 11. exd5 exd5 12. Bb5 Ra5 13. Bxa4 Rxa4 14. c3 Rxa3 15. Bxa3 bxa3 16. Qb3 Nc6 17. h3 Bd6 18. d4 Na5 19. Qa4 Bd7 20. Qc2 Qc7 21. Ne5 Be6 22. f4 Rc8 23. Rec1 g6 24. g4 Ne4 25. Nxe4 dxe4 26.
Qxe4 Nb3 27. d5 Qc5+ 28. Kh2 Bxd5 29. Qd3 Qf2# 0-1

[Event "Late-Titled-Tuesday-Blitz-December-26-2023"]
[Site "Chess.com"]
[Date "2023.12.26"]
[Round "1"]
[White "lucasmito"]
[Black "Onthequiet"]
[Result "1-0"]
[WhiteElo "2733"]
[BlackElo "2420"]
[TimeControl "180+1"]
[EndTime "14:04:51 PST"]
[Termination "lucasmito won by resignation"]

1. d4 d5 2. Bf4 Nf6 3. e3 c6 4.
c3 Bf5 5. Nf3 e6 6. Nbd2 Nbd7 7.
Be2 Be7 8. Nh4 Bg6 9. Nxg6 hxg6 10. h3 a5 11. a4 O-O 12. h4 Ne8 13. Nf3 Bd6 14. h5 gxh5 15. Ng5 e5 16. Bxh5 Nef6 17. Bxf7+ Rxf7 18. Rh8+ Kxh8 19. Nxf7+ Kg8 20. Nxd8 exf4 21. Nxb7 Be7 22. exf4 Rb8 23. Nxa5 Rxb2 24. Nxc6 Bd6 25. Ne5 Bxe5 26. dxe5 Ne4 27. Qxd5+ 1-0

[Event "Late-Titled-Tuesday-Blitz-December-26-2023"]
[Site "Chess.com"]
[Date "2023.12.26"]
[Round "1"]
[White "baag"]
[Black "misterlamine"]
[Result "1-0"]
[WhiteElo "2825"]
[BlackElo "2455"]
[TimeControl "180+1"]
[EndTime "14:04:54 PST"]
[Termination "baag won by resignation"]

1. d4 Nf6 2. c4 g6 3. g3 Bg7 4. Bg2 O-O 5. d5 d6 6. Nc3 Nbd7 7. Nf3 e5 8. dxe6 fxe6 9. O-O a5 10. Qc2 Nc5 11.
b3 e5 12. Bb2 Bf5 13. Qc1 Qc8 14. Rd1 Bh3 15. Bh1 Kh8 16. Ng5 Bd7 17. Nd5 Nxd5 18. cxd5 h6 19. Nf3 g5 20. Nxe5 Be8 21. Nd3 Qf5 22.
Bxg7+ Kxg7 23. Qb2+ Kg8 24. Qd4 Nxd3 25. Rxd3 Bb5 26.
Rf3 Qg6 27. e4 Rae8 28. Rc1 c5 29. dxc6 Bxc6 30. Rxf8+ Rxf8 31. Rd1 Re8 32. Qxd6 Qxd6 33. Rxd6 Bxe4 34. Bxe4 Rxe4 35. Rxh6 Kg7 36. Rb6 Rb4 37. Rxb4 axb4 38. h4 gxh4 39. gxh4 Kf6 40. Kg2 Ke5 41. h5 Kf5 42. f4 1-0

[Event "Late-Titled-Tuesday-Blitz-December-26-2023"]
[Site "Chess.com"]
[Date "2023.12.26"]
[Round "1"]
[White "venturov"]
[Black "Durarbayli"]
[Result "0-1"]
[WhiteElo "2473"]
[BlackElo "2889"]
[TimeControl "180+1"]
[EndTime "14:04:58 PST"]
[Termination "Durarbayli won by resignation"]

1. Nf3 d5 2. g3 g6 3. Bg2 Bg7 4. O-O e5 5. c4 dxc4 6. Qa4+ Nc6 7. Na3 Ne7 8. Nxc4 O-O 9. d3 h6 10. b4 a6 11. b5 e4 12. bxc6 b5 13. Qc2 exf3 14. Nb2 fxg2 15. Kxg2 Qd5+ 16. e4 Qxc6 0-1

[Event "Late-Titled-Tuesday-Blitz-December-26-2023"]
[Site "Chess.com"]
[Date "2023.12.26"]
[Round "1"]
[White "Grindaveci"]
[Black "albi1999"]
[Result "0-1"]
[WhiteElo "2350"]
[BlackElo "2660"]
[TimeControl "180+1"]
[EndTime "14:04:58 PST"]
[Termination "albi1999 won by resignation"]

1. e4 c5 2. Nf3 a6 3. c3 d5 4. exd5 Nf6 5. d4 cxd4 6. c4 b5 7. b3 e6 8. dxe6 Bxe6 9. cxb5 Bb4+ 10. Bd2 Bc5 11. Bc4 O-O 12. O-O axb5 13. Bxb5 Nbd7 14. b4 Ba7 15. Bf4 Bg4 16. Nbd2 Nd5 17. Bd6 Nc3 18. Qb3 Nxb5 19. Bxf8 Qxf8 20. h3 Be6 21.
Qd3 Rb8 22. Rfb1 Nc3 23. Rb2 Nc5 24. Qxd4 Ne2+ 0-1

[Event "Late-Titled-Tuesday-Blitz-December-26-2023"]
[Site "Chess.com"]
[Date "2023.12.26"]
[Round "1"]
[White "shaya01"]
[Black "colegiodemadrid"]
[Result "0-1"]
[WhiteElo "2217"]
[BlackElo "2566"]
[TimeControl "180+1"]
[EndTime "14:05:09 PST"]
[Termination "colegiodemadrid won by resignation"]

1. Nf3 Nf6 2. d3 d5 3. b3 g6 4. Bb2 Bg7 5. Nbd2 O-O 6. e4 a5 7. a4 c5 8. e5 Nfd7 9. d4 cxd4 10.
Bxd4 Nc6 11. e6 Nxd4 12. exd7 Nxf3+ 13. Nxf3 Bc3+ 14. Nd2 Qxd7 15. Rb1 Qd6 16. Be2 Qb4 17. h4 e5 18. h5 e4 19. hxg6 fxg6 20. Bh5 Bxd2+ 21. Qxd2 Qxd2+ 22. Kxd2 gxh5 23. Rxh5 Rxf2+ 24. Ke3 Rf5 25. Rxf5 Bxf5 26. Kd4 Rc8 27. c3 Rd8 28. Rf1 Bg6 29. Rf6 Kg7 30. Rb6 Rd7 31. Rb5 Re7 32. Ke3 Rc7 33. Rxa5 Rxc3+ 34. Kd2 Rxb3 35. Rxd5 Rd3+ 0-1